 Dungeon Crawl Stone Soup version 0.26-a0-778-g3fe0686644 (webtiles) character file.

Game seed: 15245356920385365276

28 littlecub the Sneak (level 3, -1/16 HPs)
             Began as a Spriggan Enchanter on Nov 10, 2020.
             Killed by nerve-wracking pain
             ... invoked by a shadow imp
              (13 damage)
             ... on level 2 of the Dungeon.
             The game lasted 00:02:07 (1052 turns).

littlecub the Sneak (Spriggan Enchanter)            Turns: 1052, Time: 00:02:08

Health: -1/16      AC:  5    Str:  4    XL:     3   Next: 0%
Magic:  7/8        EV: 18    Int: 17    God:
Gold:   39         SH:  0    Dex: 16    Spells: 5/8 levels left

rFire    . . .     SeeInvis +   a - +1 dagger
rCold    . . .     Faith    .   (shield restricted)
rNeg     . . .     Spirit   .   b - +0 robe
rPois    .         Reflect  .   (helmet restricted)
rElec    .         Harm     .   h - +2 cloak {Stlth+}
rCorr    .         Rampage  .   (gloves unavailable)
MR       .....                  (boots unavailable)
Stlth    +++.......             (no amulet)
HPRegen  0.05/turn              (no ring)
MPRegen  0.11/turn              (no ring)

@: very quick
A: very small, unfitting armour, see invisible, speed 3
a: no special abilities


You were on level 2 of the Dungeon.
You visited 1 branch of the dungeon, and saw 2 of its levels.

You collected 39 gold pieces.

Inventory:

Hand Weapons
 a - a +1 dagger (weapon)
Missiles
 d - 20 sling bullets
Armour
 b - a +0 robe (worn)
 h - a +2 cloak of stealth (worn)
Scrolls
 c - 2 scrolls of identify {unknown}
 f - a scroll of teleportation {unknown}
 i - a scroll of blinking {unknown}
 j - a scroll of amnesia {unknown}
Potions
 e - a potion of flight {unknown}
 g - a potion of might {unknown}


   Skills:
 + Level 0.3 Fighting
 * Level 1.8 Short Blades
 + Level 3.3 Dodging
 * Level 4.8 Stealth
 * Level 3.1 Spellcasting
 * Level 4.0 Hexes


You had 5 spell levels left.
You knew the following spells:

 Your Spells              Type           Power        Failure   Level
a - Corona                Hex            ###....      3%          1
b - Ensorcelled Hibernat  Hex/Ice        #.....       12%         2

Your spell library contained the following spells:

 Spells                   Type           Power        Failure   Level
 Confusing Touch          Hex            ###.....     10%         3
 Tukima's Dance           Hex            ###.....     10%         3
 Dazzling Flash           Conj/Hex       #.....       22%         3


Dungeon Overview and Level Annotations

Branches:
Dungeon (2/15)

Altars:


Innate Abilities, Weirdness & Mutations

You are very small and have problems with some larger weapons.
You are too small for most types of armour.
You have supernaturally acute eyesight. (SInv)
You cover ground extremely quickly.


Message History

You hit the shadow imp but do no damage.
The shadow imp hits you.
You hit the shadow imp.
The shadow imp is lightly wounded.
The shadow imp barely misses you.
Casting: Ensorcelled Hibernation (safe; 12% risk of failure)
Confirm with . or Enter, or press ? or * to list all spells.
Aiming: Corona (safe; 3% risk of failure)
Press: ? - help, Shift-Dir - straight line, f - shadow imp
Aim: a shadow imp (lightly wounded, chance to defeat MR: 62%)
The shadow imp is outlined in light.
The shadow imp misses you.
You hit the shadow imp.
The shadow imp is lightly wounded.
The shadow imp completely misses you.
You hit the shadow imp.
The shadow imp is moderately wounded.
The shadow imp gestures at you. Pain shoots through your body!
Ouch! That really hurt!
You die...

#+ #### #.....#
#..##.#
##..##.######.#
##.............#
#
#.......##.#####
#.###.......##.#
............##@#
#........##5#
#.......###.#
##.....## #.#
##...#####.#
#.........#
##.######## #.#
#.########.#


You could see a shadow imp (corona).

Vanquished Creatures
  3 dart slugs (D:1)
  A leopard gecko (D:1)
  2 bats (D:1)
  2 giant cockroaches (D:1)
  2 goblins (D:1)
  4 hobgoblins (D:1)
  2 jackals (D:1)
  A frilled lizard (D:1)
  2 kobolds (D:1)
19 creatures vanquished.

Notes
Turn   | Place    | Note
-------+----------+-------------------------------------------
     0 | D:1      | littlecub the Spriggan Enchanter began the quest for the
                  | Orb.
     0 | D:1      | Reached XP level 1. HP: 9/9 MP: 5/5
   365 | D:1      | Reached XP level 2. HP: 13/13 MP: 6/6
   369 | D:1      | Learned a level 2 spell: Ensorcelled Hibernation
   924 | D:1      | Reached XP level 3. HP: 16/16 MP: 8/8
  1052 | D:2      | Killed from afar by a shadow imp

Illustrated notes

Levels and vault maps discovered:
D:1:      eino_arrival_cavern_b, layout_loops_cross
D:2:      layout_loops_corners, marbit_many_paths, serial_bayou_pond_c

Skill      XL: |  1  2 |
---------------+-------+-----
Spellcasting   | 3 |  3.1
Hexes          | 4 |  4.0
Fighting       | |  0.3
Short Blades   | |  1.8
Dodging        | |  3.3
Stealth        | |  4.8

Action                   || total
-------------------------++-------
Melee: Dagger            ||    39
 Cast: Corona            ||     6
       Ensorcelled Hiber ||     6
 Stab: Sleeping          ||    14
Armor: Robe              ||     3
Dodge: Dodged            ||    25

Table legend: (Time is in decaauts)
 A = Elapsed time spent in this place.
 B = Non-inter-level travel time spent in this place.
 C = Inter-level travel time spent in this place.
 D = Time resting spent in this place.
 E = Time spent auto-exploring this place.
 F = Levels seen in this place.
 G = Mean time per level.
                   A        B        C        D        E       F      G
               +--------+--------+--------+--------+--------+-----+--------+
         Total |    772 |    753 |     19 |      0 |    639 |   2 |  386.0 |
       Dungeon |    772 |    753 |     19 |      0 |    639 |   2 |  386.0 |
               +--------+--------+--------+--------+--------+-----+--------+

Top non-repeatable levels by time:
     D:1: 744 daAuts
     D:2: 27 daAuts
